| TOP OF THE 1ST |
|
El Paso Chihuahuas batting - Pitching for Reno Aces : RHP Malibok Fflunker
|
|
Pitching: RHP Malibok Fflunker
|
|
|
Batting: SHB Steve Killion
|
0-0: Ball 1-0: Ball 2-0: Foul Ball, location: 2F 2-1: SINGLE (Groundball, 34D, EV 95.6 MPH)
|
|
Batting: RHB Itsuo Yoshioka
|
0-0: Ball 1-0: Grounds into double play, 6-4-3 (Groundball, 6, EV 87.5 MPH)
|
|
Batting: RHB Matthew Starr
|
0-0: Ground out 5-3 (Groundball, 56, EV 86.9 MPH)
|
| Top of the 1st over - 0 runs, 1 hit, 0 errors, 0 left on base; El Paso 0 - Reno 0 |
| BOTTOM OF THE 1ST |
|
Reno Aces batting - Pitching for El Paso Chihuahuas : RHP Jadon Martin
|
|
Pitching: RHP Jadon Martin
|
|
|
Batting: RHB Joe Smack
|
0-0: Called Strike 0-1: Foul Ball, location: 2F 0-2: Ball 1-2: Foul Ball, location: 2F 1-2: Ground out 6-3 (Groundball, 56D, EV 105.0 MPH)
|
|
Batting: SHB Warren Eisner
|
0-0: Fly out, F9 (Flyball, 9, EV 83.1 MPH)
|
|
Batting: RHB Israel Gaona
|
0-0: Called Strike 0-1: Swinging Strike 0-2: Strikes out looking
|
| Bottom of the 1st over - 0 runs, 0 hits, 0 errors, 0 left on base; El Paso 0 - Reno 0 |
| TOP OF THE 2ND |
|
El Paso Chihuahuas batting - Pitching for Reno Aces : RHP Malibok Fflunker
|
|
Batting: RHB Jose Morrissey
|
0-0: Called Strike 0-1: Ground out 5-3 (Groundball, 56, EV 83.1 MPH)
|
|
Batting: SHB Gregg Whitecotton
|
0-0: Ground out 5-3 (Groundball, 56S, EV 90.0 MPH)
|
|
Batting: SHB Devin Hottenstein
|
0-0: Ball 1-0: Ball 2-0: Called Strike 2-1: Foul Ball, location: 2F 2-2: SOLO HOME RUN (Flyball, 9D, EV 98.8 MPH), Distance : 400 ft
|
|
Batting: LHB Luis Cruz
|
0-0: Ball 1-0: Called Strike 1-1: Called Strike 1-2: Ball 2-2: Foul Ball, location: 2F 2-2: Ball 3-2: Foul Ball, location: 2F 3-2: Strikes out swinging
|
| Top of the 2nd over - 1 run, 1 hit, 0 errors, 0 left on base; El Paso 1 - Reno 0 |
| BOTTOM OF THE 2ND |
|
Reno Aces batting - Pitching for El Paso Chihuahuas : RHP Jadon Martin
|
|
Batting: RHB Scott Travis
|
0-0: Swinging Strike 0-1: Ball 1-1: Ball 2-1: Foul Ball, location: 2F 2-2: Ball 3-2: Base on Balls
|
|
Batting: SHB Nestor Ramirez
|
0-0: Called Strike 0-1: Ball 1-1: Called Strike 1-2: Strikes out swinging
|
|
Batting: RHB Alex Vasquez
|
0-0: Called Strike Scott Travis steals 2nd base 0-1: Ball 1-1: Foul Ball, location: 2F 1-2: Ground out 5-3 (Groundball, 56, EV 95.6 MPH)
|
|
Batting: LHB Josh Kirk
|
0-0: Ball 1-0: Swinging Strike 1-1: Fly out, F8 (Line Drive, 8LD, EV 93.1 MPH)
|
| Bottom of the 2nd over - 0 runs, 0 hits, 0 errors, 1 left on base; El Paso 1 - Reno 0 |
| TOP OF THE 3RD |
|
El Paso Chihuahuas batting - Pitching for Reno Aces : RHP Malibok Fflunker
|
|
Batting: LHB Ben Antal
|
0-0: Called Strike 0-1: Ball 1-1: Swinging Strike 1-2: Ball 2-2: Strikes out looking
|
|
Batting: LHB Helmut Steggall
|
0-0: Called Strike 0-1: Ball 1-1: Swinging Strike 1-2: Strikes out swinging
|
|
Batting: SHB Steve Killion
|
0-0: Called Strike 0-1: Ball 1-1: Swinging Strike 1-2: Ball 2-2: Strikes out swinging
|
| Top of the 3rd over - 0 runs, 0 hits, 0 errors, 0 left on base; El Paso 1 - Reno 0 |
| BOTTOM OF THE 3RD |
|
Reno Aces batting - Pitching for El Paso Chihuahuas : RHP Jadon Martin
|
|
Batting: RHB Juan Espinoza
|
0-0: Ball 1-0: Ball 2-0: Foul Ball, location: 2F 2-1: Ball 3-1: Foul Ball, location: 2F 3-2: Ground out 6-3 (Groundball, 6, EV 89.4 MPH)
|
|
Batting: RHB Paul Van Gilder
|
0-0: Called Strike 0-1: Called Strike 0-2: Ball 1-2: Strikes out looking
|
|
Batting: RHB Joe Smack
|
0-0: Ball 1-0: Fly out, F9 (Flyball, 9S, EV 95.0 MPH)
|
| Bottom of the 3rd over - 0 runs, 0 hits, 0 errors, 0 left on base; El Paso 1 - Reno 0 |
| TOP OF THE 4TH |
|
El Paso Chihuahuas batting - Pitching for Reno Aces : RHP Malibok Fflunker
|
|
Batting: RHB Itsuo Yoshioka
|
0-0: Foul Ball, location: 2F 0-1: Ball 1-1: Foul Ball, location: 2F 1-2: Ball 2-2: Ball 3-2: Ground out U3 (Groundball, 34, EV 91.3 MPH)
|
|
Batting: RHB Matthew Starr
|
0-0: Ball 1-0: Ball 2-0: Called Strike 2-1: Ball 3-1: Called Strike 3-2: Fly out, F9 (Flyball, 9, EV 84.4 MPH)
|
|
Batting: RHB Jose Morrissey
|
0-0: Called Strike 0-1: Called Strike 0-2: Ball 1-2: Ground out 6-3 (Groundball, 56D, EV 108.1 MPH)
|
| Top of the 4th over - 0 runs, 0 hits, 0 errors, 0 left on base; El Paso 1 - Reno 0 |
| BOTTOM OF THE 4TH |
|
Reno Aces batting - Pitching for El Paso Chihuahuas : RHP Jadon Martin
|
|
Batting: SHB Warren Eisner
|
0-0: Foul Ball, location: 2F 0-1: Ball 1-1: Ball 2-1: Ball 3-1: SINGLE (Groundball, 34, EV 95.0 MPH)
|
|
Batting: RHB Israel Gaona
|
0-0: Grounds into double play, 6-4-3 (Groundball, 6, EV 92.5 MPH)
|
|
Batting: RHB Scott Travis
|
0-0: SINGLE (Groundball, 3D, EV 96.3 MPH)
|
|
Batting: SHB Nestor Ramirez
|
0-0: Called Strike 0-1: Swinging Strike 0-2: Ball 1-2: Fly out, F7 (Flyball, 78S, EV 87.5 MPH)
|
| Bottom of the 4th over - 0 runs, 2 hits, 0 errors, 1 left on base; El Paso 1 - Reno 0 |
| TOP OF THE 5TH |
|
El Paso Chihuahuas batting - Pitching for Reno Aces : RHP Malibok Fflunker
|
|
Batting: SHB Gregg Whitecotton
|
0-0: Ball 1-0: Called Strike 1-1: Foul Ball, location: 2F 1-2: Ball 2-2: Ball 3-2: SINGLE (Flyball, 3D, EV 95.6 MPH)
|
|
Batting: SHB Devin Hottenstein
|
0-0: Ball 1-0: Ball 2-0: Foul Ball, location: 2F 2-1: SINGLE (Groundball, 3D, EV 103.1 MPH) Gregg Whitecotton to second Runner from 2nd tries for 3rd, SAFE, throw by RF made to third
|
|
Batting: LHB Luis Cruz
|
0-0: Called Strike 0-1: Foul Ball, location: 2F 0-2: Ball 1-2: Foul Ball, location: 2F 1-2: Strikes out swinging
|
|
Batting: LHB Ben Antal
|
0-0: SINGLE (Line Drive, 4D, EV 93.8 MPH) Gregg Whitecotton scores Devin Hottenstein to second Runner from 2nd tries for 3rd, SAFE, throw by RF made to third
|
|
Batting: LHB Helmut Steggall
|
0-0: Foul Ball, location: 2F 0-1: Ball 1-1: Ball 2-1: Ball 3-1: Ground out 6-3 (Groundball, P, EV 88.8 MPH) Devin Hottenstein scores Ben Antal to second
|
|
Batting: SHB Steve Killion
|
0-0: Ground out 6-3 (Groundball, 6, EV 82.5 MPH)
|
| Top of the 5th over - 2 runs, 3 hits, 0 errors, 1 left on base; El Paso 3 - Reno 0 |
| BOTTOM OF THE 5TH |
|
Reno Aces batting - Pitching for El Paso Chihuahuas : RHP Jadon Martin
|
|
Batting: RHB Alex Vasquez
|
0-0: Ball 1-0: Called Strike 1-1: Foul Ball, location: 2F 1-2: Ball 2-2: Foul Ball, location: 2F 2-2: Fly out, F8 (Flyball, 8RXD, EV 84.4 MPH)
|
|
Batting: LHB Josh Kirk
|
0-0: Ball 1-0: Called Strike 1-1: Ball 2-1: Called Strike 2-2: DOUBLE (Line Drive, 89XD, EV 104.4 MPH)
|
|
Batting: RHB Juan Espinoza
|
0-0: Swinging Strike 0-1: Foul Ball, location: 2F 0-2: Ball 1-2: Ball 2-2: Fly out, F4 (Popup, 4M, EV 56.3 MPH)
|
|
Batting: RHB Paul Van Gilder
|
0-0: Foul Ball, location: 2F 0-1: Called Strike 0-2: Strikes out swinging
|
| Bottom of the 5th over - 0 runs, 1 hit, 0 errors, 1 left on base; El Paso 3 - Reno 0 |
| TOP OF THE 6TH |
|
El Paso Chihuahuas batting - Pitching for Reno Aces : RHP Malibok Fflunker
|
|
Batting: RHB Itsuo Yoshioka
|
0-0: DOUBLE (Line Drive, 9LM, EV 100.0 MPH)
|
|
Batting: RHB Matthew Starr
|
0-0: Ball 1-0: Called Strike 1-1: Ground out 4-3 (Groundball, 4, EV 101.3 MPH) Itsuo Yoshioka to third
|
|
Batting: RHB Jose Morrissey
|
0-0: Foul Ball, location: 2F 0-1: Ball 1-1: Swinging Strike 1-2: Ball 2-2: Foul Ball, location: 2F 2-2: Foul Ball, location: 2F 2-2: Fly out, F7 (Flyball, 7LD, EV 106.3 MPH) Runner from 3rd tags up, OUT at HOME! 7-2
|
| Top of the 6th over - 0 runs, 1 hit, 0 errors, 0 left on base; El Paso 3 - Reno 0 |
| BOTTOM OF THE 6TH |
|
Reno Aces batting - Pitching for El Paso Chihuahuas : RHP Jadon Martin
|
|
Batting: RHB Joe Smack
|
0-0: Swinging Strike 0-1: Ball 1-1: Ball 2-1: Foul Ball, location: 2F 2-2: Ground out 5-3 (Groundball, 56, EV 81.9 MPH)
|
|
Batting: SHB Warren Eisner
|
0-0: Called Strike 0-1: Ground out 4-3 (Groundball, 4, EV 107.5 MPH)
|
|
Batting: RHB Israel Gaona
|
0-0: Ball 1-0: Called Strike 1-1: Ball 2-1: Foul Ball, location: 2F 2-2: Fly out, F7 (Flyball, 78D, EV 101.3 MPH)
|
| Bottom of the 6th over - 0 runs, 0 hits, 0 errors, 0 left on base; El Paso 3 - Reno 0 |
| TOP OF THE 7TH |
|
El Paso Chihuahuas batting - Pitching for Reno Aces : RHP Malibok Fflunker
|
|
Pitching: RHP Jarrod Kenny
|
|
|
Batting: SHB Gregg Whitecotton
|
0-0: Swinging Strike 0-1: Swinging Strike 0-2: Ball 1-2: Ground out U3 (Groundball, 3, EV 81.9 MPH)
|
|
Batting: SHB Devin Hottenstein
|
0-0: Called Strike 0-1: Ball 1-1: Ball 2-1: Foul Ball, location: 2F 2-2: Foul Ball, location: 2F 2-2: Foul Ball, location: 2F 2-2: Ground out 3-1 (Groundball, 34S, EV 84.4 MPH)
|
|
Batting: LHB Luis Cruz
|
0-0: Called Strike 0-1: Swinging Strike 0-2: Ball 1-2: Strikes out swinging
|
| Top of the 7th over - 0 runs, 0 hits, 0 errors, 0 left on base; El Paso 3 - Reno 0 |
| BOTTOM OF THE 7TH |
|
Reno Aces batting - Pitching for El Paso Chihuahuas : RHP Jadon Martin
|
|
Batting: RHB Scott Travis
|
0-0: Ball 1-0: Ball 2-0: Called Strike 2-1: Called Strike 2-2: Foul Ball, location: 2F 2-2: Foul Ball, location: 2F 2-2: Strikes out looking
|
|
Batting: SHB Nestor Ramirez
|
0-0: Fly out, F9 (Flyball, 89M, EV 85.6 MPH)
|
|
Batting: RHB Alex Vasquez
|
0-0: Ball 1-0: Foul Ball, location: 2F 1-1: Reached on error, E1 (Groundball, 15S, EV 71.3 MPH)
|
|
Batting: LHB Josh Kirk
|
0-0: Called Strike 0-1: Foul Ball, location: 2F 0-2: Ball 1-2: Ball 2-2: Ball 3-2: Foul Ball, location: 2F 3-2: Strikes out swinging
|
| Bottom of the 7th over - 0 runs, 0 hits, 1 error, 1 left on base; El Paso 3 - Reno 0 |
| TOP OF THE 8TH |
|
El Paso Chihuahuas batting - Pitching for Reno Aces : RHP Jarrod Kenny
|
|
Pitching: RHP Adam Bucci
|
|
|
Batting: LHB Ben Antal
|
0-0: Ball 1-0: Called Strike 1-1: Ball 2-1: Foul Ball, location: 2F 2-2: Ball 3-2: Foul Ball, location: 2F 3-2: Strikes out swinging
|
|
Batting: LHB Helmut Steggall
|
0-0: Called Strike 0-1: Foul Ball, location: 2F 0-2: Ball 1-2: Ball 2-2: Ball 3-2: Foul Ball, location: 2F 3-2: Base on Balls
|
|
Batting: SHB Steve Killion
|
0-0: Foul Ball, location: 2F 0-1: Ball 1-1: Ball 2-1: Called Strike 2-2: Foul Ball, location: 2F 2-2: Ball 3-2: Foul Ball, location: 2F 3-2: TRIPLE (Flyball, 78XD, EV 100.0 MPH) Helmut Steggall scores
|
|
Batting: RHB Itsuo Yoshioka
|
0-0: Foul Ball, location: 2F 0-1: Foul Ball, location: 2F 0-2: Foul Ball, location: 2F 0-2: Ball 1-2: Ball 2-2: Ground out 4-3 (Groundball, 4, EV 86.3 MPH) Steve Killion scores
|
|
Batting: RHB Matthew Starr
|
0-0: Called Strike 0-1: Ball 1-1: Ball 2-1: Foul Ball, location: 2F 2-2: Foul Ball, location: 2F 2-2: Ball 3-2: Fly out, F7 (Line Drive, 7, EV 90.0 MPH)
|
| Top of the 8th over - 2 runs, 1 hit, 0 errors, 0 left on base; El Paso 5 - Reno 0 |
| BOTTOM OF THE 8TH |
|
Reno Aces batting - Pitching for El Paso Chihuahuas : RHP Jadon Martin
|
|
Pitching: RHP Parker French
|
|
|
Batting: RHB Juan Espinoza
|
0-0: Ground out 4-3 (Groundball, 4, EV 92.5 MPH)
|
|
Batting: RHB Paul Van Gilder
|
0-0: Swinging Strike 0-1: Ball 1-1: DOUBLE (Line Drive, 89D, EV 99.4 MPH)
|
|
Batting: RHB Joe Smack
|
0-0: Called Strike 0-1: Ball 1-1: Foul Ball, location: 2F 1-2: SINGLE (Line Drive, 6MD, EV 98.1 MPH) Paul Van Gilder to third
|
|
Batting: SHB Warren Eisner
|
0-0: Ball 1-0: Ball 2-0: Swinging Strike 2-1: Fielders Choice at 2nd, 3-6 (Groundball, 3, EV 88.8 MPH) Paul Van Gilder scores
|
|
Batting: RHB Israel Gaona
|
0-0: Foul Ball, location: 2F 0-1: Called Strike 0-2: Ball 1-2: Ball 2-2: Ground out 1-3 (Groundball, 13S, EV 66.3 MPH)
|
| Bottom of the 8th over - 1 run, 2 hits, 0 errors, 1 left on base; El Paso 5 - Reno 1 |
| TOP OF THE 9TH |
|
El Paso Chihuahuas batting - Pitching for Reno Aces : RHP Adam Bucci
|
|
Pitching: RHP Bill Pauley
|
|
|
Batting: RHB Jose Morrissey
|
0-0: Ground out 3-1 (Groundball, 34, EV 83.1 MPH)
|
|
Batting: SHB Gregg Whitecotton
|
0-0: Foul Ball, location: 2F 0-1: Swinging Strike 0-2: Ball 1-2: Ball 2-2: Fly out, F8 (Flyball, 78M, EV 82.5 MPH)
|
|
Batting: SHB Devin Hottenstein
|
0-0: Ball 1-0: Foul Ball, location: 2F 1-1: Foul Ball, location: 2F 1-2: Foul Ball, location: 2F 1-2: Foul Ball, location: 2F 1-2: Foul Ball, location: 2F 1-2: Foul Ball, location: 2F 1-2: Ground out U3 (Groundball, 34S, EV 83.1 MPH)
|
| Top of the 9th over - 0 runs, 0 hits, 0 errors, 0 left on base; El Paso 5 - Reno 1 |
| BOTTOM OF THE 9TH |
|
Reno Aces batting - Pitching for El Paso Chihuahuas : RHP Parker French
|
|
Batting: RHB Scott Travis
|
0-0: Ball 1-0: Ball 2-0: Ball 3-0: Swinging Strike 3-1: Foul Ball, location: 2F 3-2: Strikes out swinging
|
|
Batting: SHB Nestor Ramirez
|
0-0: Fly out, F7 (Flyball, 78S, EV 86.3 MPH)
|
|
Batting: RHB Alex Vasquez
|
0-0: Ball 1-0: Foul Ball, location: 2F 1-1: Fly out, F7 (Flyball, 7LS, EV 86.3 MPH)
|
| Bottom of the 9th over - 0 runs, 0 hits, 0 errors, 0 left on base; El Paso 5 - Reno 1 |
|